 Dungeon Crawl Stone Soup version 0.24-a0-504-gcfb02b9 (webtiles) character file.

Game seed: 6217144805746774871

433 robbits the Sneak (level 7, -3/64 HPs)
             Began as a Naga Monk on July 17, 2019.
             Splashed by Ijyb's acid (13 damage)
             ... on level 5 of the Dungeon.
             The game lasted 00:05:10 (4653 turns).

robbits the Sneak (Naga Monk)                       Turns: 4653, Time: 00:05:11

Health: -3/64      AC:  0    Str: 14    XL:     7   Next: 0%
Magic:  0/7        EV: 11    Int: 12    God:
Gold:   249        SH:  0    Dex: 13    Spells: 6/6 levels left

rFire    . . .     SeeInvis +     - Unarmed
rCold    . . .     Gourm    .   (no shield)
rNeg     . . .     Faith    .   a - +0 robe
rPois    +         Spirit   +   (no helmet)
rElec    .         Reflect  .   s - +2 cloak of Optimism {+Inv}
rCorr    .         Harm     .   e - +0 pair of gloves
MR       +....                  (no barding)
Stlth    +++.......             i - amulet of guardian spirit
HPRegen  0.20/turn              (no ring)
MPRegen  0.10/turn              u - ring of protection from magic

@: corroded, very slow
A: large, see invisible, deformed body, poison resistance, slowness 2, slow
metabolism 1, spit poison 1, AC +2
a: Spit Poison, Evoke Invisibility


You were on level 5 of the Dungeon.
You were hungry.

You visited 1 branch of the dungeon, and saw 5 of its levels.

You collected 249 gold pieces.

Inventory:

Hand Weapons
 d - a +4 dagger
Missiles
 r - 8 poisoned darts (quivered)
Armour
 a - a +0 robe (worn)
 e - a +0 pair of gloves (worn)
 s - the +2 cloak of Optimism (worn) {+Inv}
   (You found it on level 4 of the Dungeon)

   It lets you turn invisible.
Jewellery
 c - an uncursed ring of positive energy {unknown}
 g - an uncursed ring of stealth {unknown}
 i - an amulet of guardian spirit (around neck)
 u - a ring of protection from magic (right hand)
Scrolls
 j - a scroll of remove curse
 k - a scroll of blinking
 l - 5 scrolls of identify
 m - a scroll of teleportation
 p - a scroll of fog
 t - 2 scrolls of magic mapping {unknown}
Potions
 f - a potion of brilliance
 h - a potion of mutation
 n - a potion of heal wounds
 o - 3 potions of might
 q - 2 potions of flight
Comestibles
 b - 10 rations


   Skills:
 + Level 4.1 Fighting
 * Level 4.1 Dodging
 + Level 5.1 Stealth
 * Level 5.0 Unarmed Combat


You had 6 spell levels left.
You didn't know any spells.
Your spell library was empty.

Dungeon Overview and Level Annotations

Branches:
Dungeon (5/15)
 Temple: D:4-7

Altars:
Ashenzari
Dithmenos
Gozag
Sif Muna
Uskayaw

Annotations:
D:5 Ijyb


Innate Abilities, Weirdness & Mutations

You cannot wear boots.
Your serpentine skin is tough. (AC +2)
You have supernaturally acute eyesight. (SInv)
Armour fits poorly on your strangely shaped body.
Your system is resistant to poisons. (rPois)
You cover ground very slowly.
You have a slow metabolism.
You can spit poison.


Message History

You closely miss Ijyb. Ijyb closely misses you.
You barely miss Ijyb. Ijyb hits you but does no damage.
You barely miss Ijyb. Ijyb hits you but does no damage.
You closely miss Ijyb. Ijyb hits you with a +0 club.
You hit Ijyb but do no damage.
Ijyb zaps a wand.
The bolt of acid hits you!! The acid corrodes you!
You are splashed with acid!
You closely miss Ijyb. You hit Ijyb but do no damage. Ijyb closely misses you.
Ijyb zaps a wand.
The bolt of acid misses you.
Ijyb screams, "You nasty!
Big nasty!"
Ijyb misses you. Ijyb hits you but does no damage.
There is a stone staircase leading up here.
You barely miss Ijyb. Ijyb hits you with a +0 club.
Ijyb hits you with a +0 club. Ijyb closely misses you.
Ijyb zaps a wand.
The bolt of acid hits you!
* * * LOW HITPOINT WARNING * * *
You are splashed with acid!
You die...

######## #......#
#...<..# #...g..#
#......########### ...
#?...@...........##
... #.........._......
#.. #......#........#
... ###
#######.........####
... ..
...####....8.......###
#..#.
#..............##....
#...##
######.._..._........
#.§§§#
#........#######
###§§## #...##...###


You could see Ijyb.

Vanquished Creatures
  A phantom (D:5)
  A water moccasin skeleton (D:4)
  A hound (D:4)
  A centaur skeleton (D:2)
  An orc wizard (D:5)
  3 worker ants (D:4)
  A hound zombie (D:5)
  2 adders (D:3)
  An adder skeleton (D:4)
  5 worms
  A dart slug (D:2)
  4 leopard geckos
  12 orcs
  8 giant cockroaches
  6 goblins
  4 hobgoblins
  7 jackals
  7 kobolds
  A quokka (D:2)
  2 bats
  3 frilled lizards
  7 rats
79 creatures vanquished.

Notes
Turn   | Place    | Note
-------+----------+-------------------------------------------
     0 | D:1      | robbits the Naga Monk began the quest for the Orb.
     0 | D:1      | Reached XP level 1. HP: 21/21 MP: 1/1
    46 | D:1      | Reached XP level 2. HP: 4/28 MP: 2/2
  1299 | D:2      | Reached XP level 3. HP: 33/34 MP: 3/3
  1356 | D:2      | Reached XP level 4. HP: 19/42 MP: 1/4
  1546 | D:2      | Found a shattered altar of Ashenzari.
  2790 | D:4      | Reached XP level 5. HP: 14/49 MP: 1/5
  2792 | D:4      | Got a bloodstained cloak
  2798 | D:4      | Identified the +2 cloak of Optimism {+Inv} (You found it on
                  | level 4 of the Dungeon)
  3489 | D:4      | Found a shadowy altar of Dithmenos.
  3572 | D:4      | Reached XP level 6. HP: 46/57 MP: 3/6
  3908 | D:5      | Entered Level 5 of the Dungeon
  3910 | D:5      | Noticed a phantom
  4196 | D:5      | Killed a phantom
  4196 | D:5      | Reached skill level 5 in Stealth
  4196 | D:5      | Reached skill level 5 in Unarmed Combat
  4470 | D:5      | Reached XP level 7. HP: 63/64 MP: 7/7
  4611 | D:5      | Found an opulent altar of Gozag.
  4614 | D:5      | Found a deep blue altar of Sif Muna.
  4615 | D:5      | Found a hide-covered altar of Uskayaw.
  4628 | D:5      | Noticed Ijyb
  4653 | D:5      | Splashed by Ijyb's acid

Levels and vault maps discovered:
D:1:      scummos_arrival_hexagon, layout_loops_corners,
          chequers_serial_rivers_large_a, minmay_worlds_worst_comb
D:2:      layout_rooms, evilmike_ruin_ashenzari
D:3:      layout_basic, nicolae_overflow_hidden_temple
D:4:      layout_loops_ring, grunt_dithmenos_smoke
D:5:      layout_rooms, grunt_temple_overflow_open, first_ration,
          palyth_stone_intersect, minmay_liquid_box, uniq_ijyb,
          uniq_crazy_yiuf_cottage

Skill      XL: |  1  2  3  4  5  6 |
---------------+-------------------+-----
Dodging        | 3 4 |  4.1
Stealth        | 4 5 |  5.1
Unarmed Combat | 4 5 |  5.0
Fighting       | 4 |  4.1

Action                   |  1- 3 |  4- 6 |  7- 9 || total
-------------------------+-------+-------+-------++-------
Melee: Unarmed           |    14 |    83 |    15 ||   112
       Punch             |     2 |     8 |       ||    10
       Dagger            |    55 |   205 |       ||   260
 Abil: Spit Poison       |       |     3 |       ||     3
  Use: Scroll            |       |    12 |       ||    12
 Stab: Sleeping          |     2 |     5 |       ||     7
  Eat: Chunk             |       |     9 |       ||     9
Armor: Robe              |     9 |    92 |       ||   101
Dodge: Dodged            |    31 |   141 |    10 ||   182

Table legend:
 A = Non-vault XP
 B = Vault XP
 C = Vault XP percentage of total XP
 D = Non-vault monster count
 E = Vault monster count
 F = Vault count percentage of total count
                 A         B        C        D         E       F
            +---------+---------+-------+---------+---------+-------
      Total |     611 |       8 |   1.3 |      75 |       4 |   5.1
            +---------+---------+-------+---------+---------+-------
        D:1 |      23 |       8 |  25.8 |      15 |       4 |  21.1
        D:2 |      76 |       0 |   0.0 |      17 |       0 |   0.0
        D:3 |      53 |       0 |   0.0 |      15 |       0 |   0.0
        D:4 |     235 |       0 |   0.0 |      13 |       0 |   0.0
        D:5 |     224 |       0 |   0.0 |      15 |       0 |   0.0
            +---------+---------+-------+---------+---------+-------
